 Dungeon Crawl Stone Soup version 0.29-a0-721-g7f417c9bbb (webtiles) character file.

Game seed: 200438484410490256

54 inmateoo the Digger (level 3, -1/28 HPs)
             Began as a Demigod Earth Elementalist on June 27, 2022.
             Slain by Terence
             ... wielding a +0 mace
              (3 damage)
             ... on level 2 of the Dungeon.
             The game lasted 00:02:46 (1723 turns).

inmateoo the Digger (Demigod Earth Elementalist)    Turns: 1723, Time: 00:02:47

Health: -1/28      AC:  3    Str:  9    XL:     3   Next: 44%
Magic:  2/8        EV: 12    Int: 21    God:
Gold:   28         SH:  0    Dex: 14    Spells: 5/6 levels left

rFire   . . .      SeeInvis .   (no weapon)
rCold   . . .      Faith    .   (no shield)
rNeg    . . .      Spirit   .   a - +1 robe
rPois   .          Reflect  .   (no helmet)
rElec   .          Harm     .   (no cloak)
rCorr   .          Rampage  .   (no gloves)
Will    .....                   (no boots)
Stlth   ++........              (no amulet)
HPRegen 0.09/turn               (no ring)
MPRegen 0.11/turn               (no ring)

@: no status effects
A: high MP 1, forlorn, divine attributes
a: no special abilities


You were on level 2 of the Dungeon.
You visited 1 branch of the dungeon, and saw 2 of its levels.

You collected 128 gold pieces.
You spent 100 gold pieces at shops.

Inventory:

Armour
 a - a +1 robe (worn)
Scrolls
 d - 2 scrolls of immolation
Potions
 b - 3 potions of magic
 c - 2 potions of curing


   Skills:
 + Level 1.1 Fighting
 - Level 2.0 Dodging
 - Level 2.0 Stealth
 + Level 2.2 Spellcasting
 + Level 1.6 Transmutations
 + Level 3.1 Earth Magic


You had 5 spell levels left.
You knew the following spells:

 Your Spells              Type           Power      Damage    Failure   Level
a - Sandblast             Erth           30%        2d9       4%          1

Your spell library contained the following spells:

 Spells                   Type           Power      Damage    Failure   Level
 Passwall                 Tmut/Erth      10%        N/A       9%          2
 Stone Arrow              Conj/Erth      16%        3d8       22%         3
 Petrify                  Tmut/Erth      12%        N/A       47%         4
 Borgnjor's Vile Clutch   Necr/Erth      4%         N/A       91%         5
 Alistair's Intoxication  Tmut/Pois      3%         N/A       96%         5
 Eringya's Noxious Bog    Tmut/Pois      2%         N/A       100%        6


Dungeon Overview and Level Annotations

Branches:
Dungeon (2/15)

Shops:
D:2 [(**

Annotations:
D:2 Terence


Innate Abilities, Weirdness & Mutations

You have an increased reservoir of magic. (+10% MP)
You shall have no god before yourself.
Your divine heritage dramatically boosts your attributes as you level up.


Message History

Press: ? - help, Shift-Dir - straight line, f/p - Terence
Aim: Terence, wielding a +0 mace and wearing a +0 chain mail (85% to hit)
The blast of sand hits Terence but does no damage.
Terence hits you with a +0 mace.
Terence shouts, "DIE!!!"
Terence misses you.
Unknown command.
You aren't carrying any items that you can evoke.
Unknown command.
Okay, then.
Casting: Sandblast (safe; 4% risk of failure)
Confirm with . or Enter, or press ? or * to list all spells.
Okay, then.
Casting: Sandblast (safe; 4% risk of failure)
Confirm with . or Enter, or press ? or * to list all spells.
Aiming: Sandblast (safe; 4% risk of failure)
Press: ? - help, Shift-Dir - straight line, f/p - Terence
Aim: Terence, wielding a +0 mace and wearing a +0 chain mail (85% to hit)
The blast of sand hits Terence but does no damage.
Terence hits you with a +0 mace! Terence barely misses you.
Unknown command.
Casting: Sandblast (safe; 4% risk of failure)
Confirm with . or Enter, or press ? or * to list all spells.
Aiming: Sandblast (safe; 4% risk of failure)
Press: ? - help, Shift-Dir - straight line, f/p - Terence
Aim: Terence, wielding a +0 mace and wearing a +0 chain mail (85% to hit)
The blast of sand hits Terence but does no damage.
A kobold comes into view. It is wielding a +0 short sword.
Terence misses you. Terence hits you with a +0 mace!
* * * LOW HITPOINT WARNING * * *
Unknown command.
The kobold shouts!
Casting: Sandblast (safe; 4% risk of failure)
Confirm with . or Enter, or press ? or * to list all spells.
Aiming: Sandblast (safe; 4% risk of failure)
Press: ? - help, Shift-Dir - straight line, f/p - Terence
Aim: Terence, wielding a +0 mace and wearing a +0 chain mail (85% to hit)
The blast of sand hits Terence but does no damage.
Terence hits you with a +0 mace.
You die...

#......# #.####.# #.## #.#
#..###.#######
##..##........##
##...##.......... ####
##....##..##....##
...####..##....##....#
....###@.##...∩...####
..K.###@.##.##....#
..#..##..#..##..####
.##..#..###.#...##....#
###..).##...#.#.##.##.#
###...##.#.##.#.##.##.#
####
######.......#.##.##.#
...#
######.........###.##.##.#
.#.# #......#.#.....#
#.##.##.#


You could see Terence and a kobold.

Vanquished Creatures
  An adder (D:2)
  2 worms (D:2)
  5 ball pythons
  7 endoplasms
  4 giant cockroaches (D:1)
  3 goblins
  4 hobgoblins
  A quokka (D:2)
  A bat (D:1)
  2 frilled lizards (D:1)
  2 kobolds (D:2)
  2 rats
34 creatures vanquished.

Notes
Turn   | Place    | Note
-------+----------+-------------------------------------------
     0 | D:1      | inmateoo the Demigod Earth Elementalist began the quest for
                  | the Orb.
     0 | D:1      | Reached XP level 1. HP: 14/14 MP: 5/5
    27 | D:1      | Reached skill level 1 in Transmutations
   332 | D:1      | Reached XP level 2. HP: 22/22 MP: 2/7
   658 | D:1      | Identified a scroll of acquirement
   658 | D:1      | Acquired Great Wizards, Vol. II
  1129 | D:2      | Found Pengodwou's Assorted Antiques.
  1141 | D:2      | Bought a scroll labelled WOERAI EMNU for 20 gold pieces
  1141 | D:2      | Bought a scroll labelled ZACAM OGOADIS for 20 gold pieces
  1141 | D:2      | Bought a scroll labelled ZACAM OGOADIS for 20 gold pieces
  1172 | D:2      | Bought a scroll of identify for 40 gold pieces
  1217 | D:2      | Found Didi's Antique Weapon Shop.
  1226 | D:2      | Found Ywumadeu's Armour Shop.
  1240 | D:2      | Reached skill level 3 in Earth Magic
  1251 | D:2      | Reached skill level 1 in Fighting
  1251 | D:2      | Reached XP level 3. HP: 12/28 MP: 3/8
  1687 | D:2      | Found Xagitubb's Assorted Antiques.
  1714 | D:2      | Noticed Terence
  1723 | D:2      | Slain by Terence

Illustrated notes

Levels and vault maps discovered:
D:1:      dpeg_arrival_short_road, layout_basic,
          hellmonk_ecumenical_altar_run_dry, patterned_corridor
D:2:      layout_basic, serial_shops, nicolae_diamond_shop, nicolae_square_shop,
          shop, nicolae_shop_statue_plus, nicolae_shop_crystal,
          hangedman_glass_teeth, grunt_decor_fettered, st_stairs_4, uniq_terence

Skill      XL: |  1  2 |
---------------+-------+-----
Transmutations | 1 |  1.6
Stealth        | 2 |  2.0
Dodging        | 2 |  2.0
Spellcasting   | 2 |  2.2
Earth Magic    | 3 |  3.1
Fighting       | 1 |  1.1

Action                   || total
-------------------------++-------
Melee: Unarmed           ||     8
 Cast: Sandblast         ||    51
  Use: Scroll            ||    10
       Potion            ||     2
Armor: Skin              ||     8
       Robe              ||     8
Dodge: Dodged            ||    32

Table legend: (Time is in decaauts)
 A = Elapsed time spent in this place.
 B = Non-inter-level travel time spent in this place.
 C = Inter-level travel time spent in this place.
 D = Time resting spent in this place.
 E = Time spent auto-exploring this place.
 F = Levels seen in this place.
 G = Mean time per level.
                   A        B        C        D        E       F      G
               +--------+--------+--------+--------+--------+-----+--------+
         Total |   1775 |   1745 |     30 |    736 |    706 |   2 |  887.5 |
       Dungeon |   1775 |   1745 |     30 |    736 |    706 |   2 |  887.5 |
               +--------+--------+--------+--------+--------+-----+--------+

Top non-repeatable levels by time:
     D:1: 1084 daAuts
     D:2: 691 daAuts
